[ AOE2 MATCH · #471564467 ]
UnrankedWu vs Slavs
[ REPLAY ANALYSIS · EXTRACTED FROM THE RECORDED GAME ]
Feudal
11:02
Castle
20:41
Imperial
35:56
| APM avg | 33.2 |
| APM peak | 62 |
| eAPM avg | 18.8 |
| Villagers / military | 86 / 18 |
Focus
⚔️ 40.2% · 🌾 59.8%
Unknown (1968) ×114 · Spearman ×16 · Unknown (1942) ×5 · Monk ×2 · Unknown (1974) ×2
Feudal
10:38
Castle
26:42
Imperial
—
| APM avg | 55.1 |
| APM peak | 91 |
| eAPM avg | 26.0 |
| Villagers / military | 110 / 86 |
Focus
⚔️ 22.3% · 🌾 77.7%
Knight ×31 · Scout Cavalry ×28 · Scorpion ×21 · Mangonel ×5 · Battering Ram ×1
Feudal
12:39
Castle
29:23
Imperial
43:52
| APM avg | 54.2 |
| APM peak | 118 |
| eAPM avg | 25.0 |
| Villagers / military | 124 / 35 |
Focus
⚔️ 34.4% · 🌾 65.6%
Unknown (1952) ×66 · Archer ×26 · Skirmisher ×8 · Spearman ×1
Feudal
14:34
Castle
19:25
Imperial
—
| APM avg | 42.8 |
| APM peak | 85 |
| eAPM avg | 18.4 |
| Villagers / military | 77 / 109 |
Focus
⚔️ 42.4% · 🌾 57.6%
Scout Cavalry ×58 · Cavalry Archer ×33 · Battering Ram ×6 · Scorpion ×4 · Monk ×3 · Spearman ×3
Feudal
14:27
Castle
20:40
Imperial
39:00
| APM avg | 46.0 |
| APM peak | 107 |
| eAPM avg | 15.7 |
| Villagers / military | 134 / 145 |
Focus
⚔️ 33.8% · 🌾 66.2%
Bolas Rider ×91 · Skirmisher ×46 · Mangonel ×7 · Monk ×1
Feudal
16:24
Castle
19:57
Imperial
41:10
| APM avg | 46.8 |
| APM peak | 112 |
| eAPM avg | 22.6 |
| Villagers / military | 142 / 146 |
Focus
⚔️ 32.0% · 🌾 68.0%
Scout Cavalry ×61 · Knight ×46 · Conquistador ×37 · Monk ×1 · Missionary ×1
Feudal
10:57
Castle
23:41
Imperial
38:49
| APM avg | 76.2 |
| APM peak | 176 |
| eAPM avg | 35.1 |
| Villagers / military | 117 / 73 |
Focus
⚔️ 44.5% · 🌾 55.5%
Skirmisher ×43 · Scout Cavalry ×17 · Mangonel ×5 · Spearman ×5 · Knight ×3
Feudal
9:49
Castle
27:10
Imperial
35:28
| APM avg | 65.0 |
| APM peak | 115 |
| eAPM avg | 34.3 |
| Villagers / military | 129 / 190 |
Focus
⚔️ 54.6% · 🌾 45.4%
Skirmisher ×138 · Archer ×44 · Spearman ×8
Match map
Initial resources + every placement click. Lines = walls · curves = elevation contours. ◆ gold · ⬟ stone · ● berries · ✦ relic · ◌ wall gap
Your base· Open — unwalled flank
银背小猩猩's base· Open — unwalled flank
Kampie's base· Open — 2t gap
Fireworks's base· Open — 12t gap
Wuyen's base· Open — 5t gap
黑炎柠檬茶's base· Open — 5t gap
Zionic's base· Open — unwalled flank
黑暗中漫舞.'s base· Open — 3t gap
Smoothed initial terrain · ◌ = detected wall gap · hover for details
Inputs per minute
— Don_Digidon - - 银背小猩猩
Build order — Don_Digidon
First 150 of 365 actions detected
| 0:34 | Build | Town Center |
| 0:59 | Build | House |
| 2:37 | Create | Villager (Male) |
| 2:37 | Create | Villager (Male) |
| 2:37 | Create | Villager (Male) |
| 2:37 | Create | Villager (Male) |
| 3:37 | Create | Villager (Male) |
| 3:37 | Create | Villager (Male) |
| 3:37 | Create | Villager (Male) |
| 3:53 | Build | House |
| 4:05 | Build | Mill |
| 4:07 | Create | Villager (Male) |
| 4:12 | Build | House |
| 4:34 | Create | Villager (Male) |
| 4:57 | Create | Villager (Male) |
| 4:57 | Create | Villager (Male) |
| 4:57 | Create | Villager (Male) |
| 5:14 | Create | Villager (Male) |
| 5:14 | Create | Villager (Male) |
| 5:14 | Create | Villager (Male) |
| 5:26 | Create | Villager (Male) |
| 6:14 | Research | Loom |
| 6:15 | Create | Villager (Male) |
| 6:37 | Create | Villager (Male) |
| 6:37 | Create | Villager (Male) |
| 7:41 | Create | Villager (Male) |
| 8:13 | Build | Lumber Camp |
| 8:15 | Create | Villager (Male) |
| 8:17 | Create | Villager (Male) |
| 8:49 | Research | Feudal Age |
| 8:49 | Research | Feudal Age |
| 8:49 | Research | Feudal Age |
| 9:49 | Build | Barracks |
| 10:27 | Create | Villager (Male) |
| 10:36 | Build | Mining Camp |
| 11:02 | Age | Feudal Age |
| 11:06 | Build | House |
| 11:09 | Build | House |
| 11:11 | Create | Villager (Male) |
| 11:28 | Create | Villager (Male) |
| 11:29 | Create | Villager (Male) |
| 11:42 | Build | Market |
| 11:55 | Create | Villager (Male) |
| 12:04 | Build | House |
| 12:34 | Build | Blacksmith |
| 12:44 | Build | House |
| 12:54 | Research | Double-Bit Axe |
| 12:54 | Research | Horse Collar |
| 12:55 | Research | Horse Collar |
| 12:55 | Create | Villager (Male) |
| 12:56 | Create | Villager (Male) |
| 13:24 | Build | Palisade Wall |
| 13:36 | Build | Farm |
| 13:38 | Build | Farm |
| 13:39 | Build | Farm |
| 13:40 | Build | Farm |
| 13:42 | Create | Villager (Male) |
| 13:47 | Build | House |
| 13:59 | Create | Villager (Male) |
| 14:11 | Build | Palisade Wall |
| 14:29 | Create | Villager (Male) |
| 14:37 | Build | Farm |
| 14:39 | Build | Farm |
| 14:41 | Build | Farm |
| 14:45 | Build | Farm |
| 15:00 | Create | Villager (Male) |
| 15:03 | Build | Farm |
| 15:04 | Build | Farm |
| 15:26 | Create | Villager (Male) |
| 15:44 | Build | Mining Camp |
| 15:55 | Create | Villager (Male) |
| 16:10 | Research | Town Watch |
| 16:13 | Research | Wheelbarrow |
| 16:32 | Build | Farm |
| 16:37 | Build | Farm |
| 16:46 | Build | Farm |
| 18:01 | Research | Castle Age |
| 18:02 | Research | Castle Age |
| 18:02 | Research | Castle Age |
| 19:02 | Create | Spearman |
| 19:40 | Research | Gold Mining |
| 19:40 | Research | Gold Mining |
| 20:41 | Age | Castle Age |
| 20:47 | Build | Castle |
| 20:51 | Research | Bow Saw |
| 20:52 | Create | Villager (Male) |
| 20:55 | Build | Town Center |
| 20:56 | Create | Villager (Male) |
| 20:59 | Build | House |
| 21:18 | Create | Villager (Male) |
| 21:18 | Create | Villager (Male) |
| 21:37 | Research | Fletching |
| 21:37 | Research | Fletching |
| 21:39 | Create | Villager (Male) |
| 21:50 | Build | Mining Camp |
| 21:56 | Build | Palisade Gate |
| 22:10 | Research | Hand Cart |
| 22:10 | Research | Hand Cart |
| 22:17 | Create | Villager (Male) |
| 22:18 | Research | Bodkin Arrow |
| 22:18 | Research | Bodkin Arrow |
| 22:18 | Research | Bodkin Arrow |
| 22:19 | Create | Unit 1968 |
| 22:19 | Create | Unit 1968 |
| 22:19 | Create | Unit 1968 |
| 22:19 | Create | Unit 1968 |
| 22:40 | Build | Monastery |
| 22:42 | Create | Villager (Male) |
| 22:44 | Create | Unit 1968 |
| 22:45 | Create | Unit 1968 |
| 22:45 | Create | Unit 1968 |
| 22:45 | Create | Unit 1968 |
| 22:46 | Create | Villager (Male) |
| 22:47 | Create | Villager (Male) |
| 22:47 | Create | Villager (Male) |
| 22:47 | Create | Villager (Male) |
| 22:51 | Build | Farm |
| 22:52 | Build | Farm |
| 23:04 | Create | Villager (Male) |
| 23:04 | Create | Villager (Male) |
| 23:18 | Research | Padded Archer Armor |
| 23:18 | Research | Padded Archer Armor |
| 23:21 | Create | Unit 1968 |
| 23:38 | Create | Villager (Male) |
| 23:43 | Build | University |
| 23:43 | Create | Monk |
| 23:45 | Create | Villager (Male) |
| 23:51 | Build | House |
| 23:51 | Build | House |
| 24:01 | Build | House |
| 24:12 | Create | Unit 1968 |
| 24:12 | Create | Unit 1968 |
| 24:12 | Create | Villager (Male) |
| 24:13 | Create | Villager (Male) |
| 24:25 | Build | Farm |
| 24:26 | Build | Farm |
| 24:27 | Create | Villager (Male) |
| 24:45 | Create | Unit 1968 |
| 24:46 | Create | Unit 1968 |
| 25:17 | Research | Ballistics |
| 25:17 | Research | Ballistics |
| 25:18 | Create | Villager (Male) |
| 25:21 | Build | Farm |
| 25:23 | Create | Villager (Male) |
| 25:24 | Create | Villager (Male) |
| 25:24 | Create | Villager (Male) |
| 25:28 | Build | Farm |
| 25:43 | Create | Unit 1968 |
| 25:43 | Create | Unit 1968 |
| 25:44 | Create | Villager (Male) |
Build order — 银背小猩猩
First 150 of 333 actions detected
| 0:18 | Build | Town Center |
| 1:22 | Build | House |
| 2:09 | Build | House |
| 2:13 | Create | Villager (Male) |
| 2:13 | Create | Villager (Male) |
| 2:13 | Create | Villager (Male) |
| 2:13 | Create | Villager (Male) |
| 3:12 | Build | House |
| 3:30 | Create | Villager (Male) |
| 3:31 | Create | Villager (Male) |
| 4:05 | Create | Villager (Male) |
| 4:06 | Create | Villager (Male) |
| 4:09 | Build | House |
| 4:48 | Build | Lumber Camp |
| 4:48 | Create | Villager (Male) |
| 4:48 | Create | Villager (Male) |
| 5:15 | Create | Villager (Male) |
| 5:29 | Create | Villager (Male) |
| 5:40 | Create | Villager (Male) |
| 6:17 | Create | Villager (Male) |
| 6:44 | Create | Villager (Male) |
| 6:57 | Build | Mill |
| 7:24 | Create | Villager (Male) |
| 7:56 | Research | Loom |
| 8:27 | Research | Feudal Age |
| 8:27 | Research | Feudal Age |
| 9:07 | Build | House |
| 9:19 | Build | Barracks |
| 9:37 | Create | Villager (Male) |
| 9:37 | Create | Villager (Male) |
| 10:38 | Age | Feudal Age |
| 10:39 | Build | Stable |
| 10:45 | Research | Double-Bit Axe |
| 10:47 | Create | Villager (Male) |
| 11:10 | Build | House |
| 11:20 | Create | Scout Cavalry |
| 11:21 | Create | Scout Cavalry |
| 11:22 | Build | House |
| 11:29 | Build | Farm |
| 11:39 | Create | Villager (Male) |
| 11:51 | Create | Scout Cavalry |
| 11:55 | Build | House |
| 12:03 | Build | Farm |
| 12:08 | Build | Palisade Wall |
| 12:14 | Build | Palisade Wall |
| 12:17 | Build | Palisade Wall |
| 12:20 | Build | Palisade Gate |
| 12:22 | Create | Villager (Male) |
| 12:22 | Create | Villager (Male) |
| 12:29 | Build | Farm |
| 12:40 | Create | Villager (Male) |
| 12:44 | Build | Farm |
| 13:23 | Build | Farm |
| 13:25 | Build | Farm |
| 13:34 | Create | Villager (Male) |
| 13:57 | Build | Market |
| 14:07 | Create | Villager (Male) |
| 14:14 | Create | Scout Cavalry |
| 14:14 | Create | Scout Cavalry |
| 14:19 | Create | Villager (Male) |
| 14:22 | Build | Farm |
| 14:36 | Create | Villager (Male) |
| 15:00 | Build | Farm |
| 15:04 | Create | Villager (Male) |
| 15:10 | Create | Scout Cavalry |
| 15:26 | Build | Farm |
| 15:38 | Create | Villager (Male) |
| 16:00 | Create | Villager (Male) |
| 16:06 | Build | Mining Camp |
| 16:26 | Create | Villager (Male) |
| 16:46 | Create | Villager (Male) |
| 17:01 | Build | Blacksmith |
| 17:08 | Create | Scout Cavalry |
| 17:08 | Create | Scout Cavalry |
| 17:08 | Create | Scout Cavalry |
| 17:17 | Create | Villager (Male) |
| 17:44 | Create | Villager (Male) |
| 17:47 | Build | Farm |
| 17:48 | Research | Forging |
| 17:51 | Build | House |
| 17:59 | Create | Villager (Male) |
| 18:14 | Research | Scale Barding Armor |
| 18:19 | Research | Bloodlines |
| 18:19 | Research | Bloodlines |
| 18:27 | Build | Farm |
| 18:32 | Research | Horse Collar |
| 18:38 | Create | Villager (Male) |
| 18:40 | Build | Stable |
| 18:49 | Build | Farm |
| 18:53 | Build | House |
| 19:05 | Create | Villager (Male) |
| 19:16 | Create | Villager (Male) |
| 19:19 | Build | Farm |
| 19:27 | Create | Scout Cavalry |
| 19:27 | Create | Scout Cavalry |
| 19:40 | Create | Scout Cavalry |
| 19:41 | Create | Scout Cavalry |
| 19:50 | Create | Villager (Male) |
| 19:52 | Build | Farm |
| 19:52 | Build | Farm |
| 20:12 | Create | Villager (Male) |
| 20:15 | Build | Farm |
| 20:18 | Build | Farm |
| 20:22 | Create | Scout Cavalry |
| 20:22 | Create | Scout Cavalry |
| 20:41 | Create | Scout Cavalry |
| 20:42 | Create | Villager (Male) |
| 20:44 | Build | Farm |
| 20:44 | Build | Farm |
| 20:44 | Build | Farm |
| 21:06 | Create | Scout Cavalry |
| 21:06 | Create | Villager (Male) |
| 21:08 | Build | House |
| 21:09 | Build | House |
| 21:12 | Build | Farm |
| 21:28 | Create | Villager (Male) |
| 21:36 | Build | Farm |
| 21:53 | Create | Villager (Male) |
| 22:14 | Build | Lumber Camp |
| 22:29 | Research | Wheelbarrow |
| 22:43 | Build | House |
| 22:44 | Build | House |
| 24:02 | Research | Castle Age |
| 24:51 | Create | Scout Cavalry |
| 24:51 | Create | Scout Cavalry |
| 25:07 | Build | Lumber Camp |
| 25:32 | Create | Scout Cavalry |
| 25:32 | Create | Scout Cavalry |
| 25:49 | Create | Scout Cavalry |
| 25:49 | Create | Scout Cavalry |
| 26:01 | Build | Market |
| 26:12 | Create | Scout Cavalry |
| 26:12 | Create | Scout Cavalry |
| 26:15 | Build | Stone Wall |
| 26:21 | Create | Scout Cavalry |
| 26:25 | Create | Villager (Male) |
| 26:36 | Create | Scout Cavalry |
| 26:42 | Age | Castle Age |
| 26:52 | Research | Bow Saw |
| 26:56 | Build | Town Center |
| 27:04 | Create | Scout Cavalry |
| 27:06 | Create | Villager (Male) |
| 27:38 | Build | Farm |
| 27:38 | Build | Farm |
| 27:38 | Build | Farm |
| 27:38 | Build | Farm |
| 27:39 | Build | Farm |
| 27:39 | Build | Farm |
| 27:39 | Build | Farm |
| 27:48 | Create | Villager (Male) |
Build order — Kampie
First 150 of 356 actions detected
| 0:21 | Build | Town Center |
| 1:01 | Build | Palisade Wall |
| 1:02 | Build | Palisade Wall |
| 1:04 | Build | Palisade Wall |
| 1:05 | Build | Palisade Wall |
| 1:07 | Build | Palisade Wall |
| 1:08 | Build | Palisade Wall |
| 1:39 | Build | House |
| 1:41 | Build | House |
| 1:47 | Build | Palisade Wall |
| 2:13 | Create | Villager (Male) |
| 2:14 | Create | Villager (Male) |
| 2:14 | Create | Villager (Male) |
| 2:14 | Create | Villager (Male) |
| 2:15 | Create | Villager (Male) |
| 3:32 | Create | Villager (Male) |
| 3:32 | Create | Villager (Male) |
| 4:12 | Create | Villager (Male) |
| 4:12 | Create | Villager (Male) |
| 4:44 | Create | Villager (Male) |
| 5:04 | Create | Villager (Male) |
| 5:30 | Build | House |
| 5:36 | Create | Villager (Male) |
| 6:03 | Create | Villager (Male) |
| 6:04 | Create | Villager (Male) |
| 6:04 | Create | Villager (Male) |
| 6:20 | Create | Villager (Male) |
| 6:20 | Create | Villager (Male) |
| 7:14 | Create | Villager (Male) |
| 8:03 | Build | House |
| 8:12 | Create | Villager (Male) |
| 8:13 | Research | Loom |
| 8:41 | Build | Lumber Camp |
| 9:02 | Create | Villager (Male) |
| 9:10 | Build | Lumber Camp |
| 9:13 | Create | Villager (Male) |
| 9:34 | Build | Barracks |
| 9:51 | Create | Villager (Male) |
| 10:29 | Research | Feudal Age |
| 10:30 | Research | Feudal Age |
| 10:35 | Build | Mill |
| 11:22 | Build | House |
| 12:00 | Build | Farm |
| 12:02 | Build | Farm |
| 12:04 | Build | Farm |
| 12:13 | Create | Villager (Male) |
| 12:14 | Create | Villager (Male) |
| 12:39 | Age | Feudal Age |
| 12:42 | Build | Archery Range |
| 12:44 | Build | Archery Range |
| 12:56 | Create | Spearman |
| 13:27 | Create | Skirmisher |
| 13:29 | Create | Skirmisher |
| 13:30 | Create | Villager (Male) |
| 13:31 | Create | Villager (Male) |
| 13:31 | Create | Villager (Male) |
| 14:05 | Create | Villager (Male) |
| 14:06 | Create | Archer |
| 14:10 | Build | House |
| 14:47 | Create | Archer |
| 14:47 | Create | Archer |
| 14:54 | Build | House |
| 14:57 | Build | House |
| 15:04 | Create | Villager (Male) |
| 15:11 | Build | Blacksmith |
| 15:20 | Create | Archer |
| 15:36 | Create | Archer |
| 15:39 | Create | Villager (Male) |
| 15:40 | Create | Villager (Male) |
| 16:05 | Create | Skirmisher |
| 16:05 | Create | Skirmisher |
| 16:27 | Create | Skirmisher |
| 16:35 | Create | Skirmisher |
| 16:46 | Create | Skirmisher |
| 16:46 | Create | Skirmisher |
| 16:47 | Create | Villager (Male) |
| 16:50 | Build | House |
| 16:52 | Create | Archer |
| 17:01 | Research | Fletching |
| 17:02 | Research | Fletching |
| 17:08 | Build | Farm |
| 17:11 | Create | Archer |
| 17:19 | Build | House |
| 17:24 | Build | House |
| 17:31 | Create | Archer |
| 17:42 | Create | Archer |
| 17:48 | Build | Mill |
| 17:48 | Build | Farm |
| 17:49 | Build | Farm |
| 17:49 | Build | Farm |
| 17:49 | Build | Farm |
| 17:49 | Build | Farm |
| 17:56 | Create | Archer |
| 18:24 | Build | Mill |
| 18:25 | Build | Farm |
| 18:26 | Build | Farm |
| 18:27 | Build | Farm |
| 18:28 | Build | Farm |
| 18:34 | Create | Villager (Male) |
| 18:34 | Create | Villager (Male) |
| 18:37 | Build | Farm |
| 18:39 | Build | Farm |
| 18:42 | Create | Archer |
| 18:57 | Create | Archer |
| 18:57 | Create | Archer |
| 19:21 | Create | Archer |
| 20:09 | Create | Villager (Male) |
| 20:11 | Build | House |
| 20:31 | Create | Archer |
| 20:32 | Create | Archer |
| 20:59 | Create | Archer |
| 20:59 | Create | Archer |
| 21:07 | Build | Farm |
| 21:08 | Build | Farm |
| 21:11 | Build | House |
| 21:12 | Build | House |
| 21:19 | Create | Villager (Male) |
| 21:40 | Create | Villager (Male) |
| 21:48 | Create | Archer |
| 21:55 | Create | Villager (Male) |
| 22:06 | Build | Mill |
| 22:07 | Build | Farm |
| 22:07 | Build | Farm |
| 22:07 | Build | Farm |
| 22:07 | Build | Farm |
| 22:07 | Build | Farm |
| 22:08 | Build | Farm |
| 22:08 | Build | Farm |
| 22:08 | Build | Farm |
| 22:08 | Build | Farm |
| 22:27 | Create | Archer |
| 22:27 | Create | Archer |
| 23:02 | Research | Wheelbarrow |
| 23:10 | Build | Mining Camp |
| 23:35 | Create | Villager (Male) |
| 23:51 | Build | Lumber Camp |
| 24:12 | Build | House |
| 24:26 | Build | Town Center |
| 24:45 | Build | House |
| 24:45 | Build | House |
| 25:02 | Create | Archer |
| 25:08 | Build | House |
| 25:09 | Build | House |
| 25:09 | Build | House |
| 25:50 | Build | Market |
| 25:52 | Create | Villager (Male) |
| 26:37 | Build | Farm |
| 26:39 | Build | Farm |
| 26:39 | Build | Farm |
| 26:43 | Research | Castle Age |
Build order — Fireworks
First 150 of 307 actions detected
| 0:06 | Build | Town Center |
| 1:08 | Build | House |
| 1:09 | Build | House |
| 2:40 | Create | Villager (Male) |
| 2:40 | Create | Villager (Male) |
| 2:41 | Create | Villager (Male) |
| 2:42 | Create | Villager (Male) |
| 2:42 | Create | Villager (Male) |
| 4:00 | Create | Villager (Male) |
| 4:23 | Create | Villager (Male) |
| 4:49 | Create | Villager (Male) |
| 4:50 | Create | Villager (Male) |
| 5:19 | Create | Villager (Male) |
| 5:20 | Create | Villager (Male) |
| 5:40 | Build | Mill |
| 5:54 | Build | House |
| 5:54 | Build | House |
| 5:55 | Build | House |
| 6:21 | Create | Villager (Male) |
| 6:22 | Create | Villager (Male) |
| 6:22 | Create | Villager (Male) |
| 7:14 | Build | Farm |
| 7:15 | Build | Farm |
| 7:20 | Build | Farm |
| 7:43 | Build | House |
| 7:48 | Create | Villager (Male) |
| 7:49 | Create | Villager (Male) |
| 7:51 | Create | Villager (Male) |
| 8:02 | Build | Farm |
| 8:05 | Create | Villager (Male) |
| 8:25 | Build | Palisade Wall |
| 8:44 | Create | Villager (Male) |
| 9:07 | Create | Villager (Male) |
| 9:11 | Build | Farm |
| 9:29 | Create | Villager (Male) |
| 9:57 | Build | Farm |
| 9:58 | Build | Farm |
| 10:00 | Create | Villager (Male) |
| 10:21 | Create | Villager (Male) |
| 10:25 | Build | Farm |
| 10:30 | Build | Farm |
| 10:54 | Build | Farm |
| 11:02 | Build | Palisade Wall |
| 11:03 | Create | Villager (Male) |
| 11:12 | Build | Farm |
| 11:20 | Build | Mule Cart |
| 11:28 | Create | Villager (Male) |
| 11:38 | Create | Villager (Male) |
| 12:03 | Research | Feudal Age |
| 12:17 | Build | Barracks |
| 12:45 | Build | Palisade Wall |
| 12:47 | Build | Palisade Wall |
| 12:49 | Build | Palisade Wall |
| 12:53 | Build | House |
| 12:55 | Build | Palisade Wall |
| 12:57 | Build | Palisade Wall |
| 12:58 | Build | Palisade Wall |
| 13:49 | Create | Villager (Male) |
| 13:57 | Research | Loom |
| 14:34 | Age | Feudal Age |
| 14:40 | Create | Villager (Male) |
| 14:45 | Create | Villager (Male) |
| 15:19 | Create | Spearman |
| 15:19 | Create | Spearman |
| 15:39 | Build | Market |
| 15:51 | Build | Archery Range |
| 16:03 | Create | Villager (Male) |
| 16:11 | Create | Spearman |
| 16:44 | Build | House |
| 16:45 | Research | Castle Age |
| 17:02 | Build | Farm |
| 17:08 | Research | Double-Bit Axe |
| 17:19 | Build | House |
| 17:35 | Research | Horse Collar |
| 18:08 | Build | Archery Range |
| 18:12 | Research | Gold Mining |
| 18:34 | Build | Farm |
| 18:56 | Build | Blacksmith |
| 19:06 | Build | Palisade Wall |
| 19:13 | Build | House |
| 19:25 | Age | Castle Age |
| 19:28 | Create | Cavalry Archer |
| 19:28 | Create | Cavalry Archer |
| 19:29 | Create | Villager (Male) |
| 19:34 | Create | Villager (Male) |
| 19:57 | Build | Monastery |
| 19:59 | Create | Villager (Male) |
| 20:05 | Build | House |
| 20:08 | Research | Bow Saw |
| 20:34 | Create | Cavalry Archer |
| 20:34 | Create | Cavalry Archer |
| 20:35 | Create | Villager (Male) |
| 20:38 | Build | House |
| 20:51 | Create | Cavalry Archer |
| 20:53 | Create | Monk |
| 21:00 | Build | Farm |
| 21:03 | Create | Villager (Male) |
| 21:10 | Build | Farm |
| 21:16 | Create | Cavalry Archer |
| 21:22 | Research | Fletching |
| 21:25 | Create | Villager (Male) |
| 21:27 | Build | Farm |
| 21:33 | Build | Palisade Wall |
| 21:43 | Create | Villager (Male) |
| 21:49 | Create | Cavalry Archer |
| 21:50 | Create | Villager (Male) |
| 22:03 | Create | Villager (Male) |
| 22:15 | Create | Cavalry Archer |
| 22:19 | Create | Monk |
| 22:27 | Create | Villager (Male) |
| 22:41 | Research | Bodkin Arrow |
| 23:00 | Build | Stable |
| 23:07 | Create | Cavalry Archer |
| 23:25 | Create | Villager (Male) |
| 23:33 | Create | Cavalry Archer |
| 23:35 | Build | House |
| 23:51 | Create | Cavalry Archer |
| 23:59 | Research | Bloodlines |
| 24:14 | Create | Villager (Male) |
| 24:27 | Build | House |
| 24:27 | Create | Villager (Male) |
| 24:54 | Create | Cavalry Archer |
| 24:55 | Create | Cavalry Archer |
| 25:00 | Create | Villager (Male) |
| 25:06 | Build | Siege Workshop |
| 25:08 | Create | Villager (Male) |
| 25:13 | Build | Mule Cart |
| 25:17 | Create | Monk |
| 25:23 | Create | Villager (Male) |
| 25:25 | Build | House |
| 25:29 | Research | Wheelbarrow |
| 26:02 | Create | Mangonel |
| 26:09 | Build | Palisade Wall |
| 26:26 | Create | Villager (Male) |
| 26:32 | Build | Stable |
| 26:32 | Build | Stable |
| 26:37 | Research | Padded Archer Armor |
| 26:44 | Build | Farm |
| 26:46 | Build | Farm |
| 26:48 | Build | Farm |
| 26:51 | Build | Farm |
| 26:54 | Build | House |
| 26:56 | Build | House |
| 26:56 | Build | House |
| 27:01 | Create | Cavalry Archer |
| 27:02 | Create | Cavalry Archer |
| 27:09 | Create | Mangonel |
| 27:13 | Research | Husbandry |
| 27:16 | Create | Villager (Male) |
| 27:58 | Research | Light Cavalry (upgrade) |
Build order — Wuyen
First 150 of 289 actions detected
| 0:32 | Build | Town Center |
| 2:46 | Create | Villager (Male) ×4 |
| 2:46 | Create | Villager (Male) ×4 |
| 2:51 | Build | House |
| 2:55 | Research | Loom |
| 2:55 | Research | Loom |
| 3:15 | Build | House |
| 3:16 | Create | Villager (Male) ×4 |
| 3:36 | Build | House |
| 4:53 | Create | Villager (Male) |
| 4:53 | Create | Villager (Male) |
| 4:53 | Create | Villager (Male) |
| 5:44 | Create | Villager (Male) ×2 |
| 6:04 | Create | Villager (Male) |
| 6:40 | Create | Villager (Male) |
| 6:41 | Create | Villager (Male) |
| 7:19 | Create | Villager (Male) ×3 |
| 8:13 | Build | House |
| 8:56 | Build | Settlement |
| 9:02 | Create | Villager (Male) |
| 9:23 | Create | Villager (Male) |
| 9:24 | Create | Villager (Male) |
| 9:41 | Build | Farm |
| 9:44 | Build | Farm |
| 9:49 | Build | Farm |
| 9:52 | Build | Farm |
| 9:53 | Create | Villager (Male) |
| 9:54 | Create | Villager (Male) |
| 10:15 | Build | Palisade Wall |
| 10:50 | Build | Farm |
| 10:58 | Create | Villager (Male) |
| 11:00 | Build | Farm |
| 11:02 | Build | Farm |
| 11:04 | Build | House |
| 11:15 | Build | Farm |
| 11:18 | Build | Farm |
| 11:37 | Create | Villager (Male) |
| 11:43 | Build | Palisade Gate |
| 11:49 | Build | Farm |
| 12:09 | Create | Villager (Male) |
| 12:17 | Research | Feudal Age |
| 12:37 | Build | Farm |
| 12:47 | Build | Barracks |
| 12:57 | Build | Palisade Wall |
| 13:09 | Build | Farm |
| 13:37 | Build | Palisade Wall |
| 13:53 | Build | House |
| 14:01 | Build | House |
| 14:05 | Create | Villager (Male) |
| 14:06 | Create | Villager (Male) |
| 14:13 | Build | Farm |
| 14:25 | Build | House |
| 14:27 | Age | Feudal Age |
| 14:30 | Build | Palisade Wall |
| 14:30 | Build | Palisade Wall |
| 14:32 | Create | Villager (Male) |
| 14:43 | Build | Archery Range |
| 14:49 | Research | Double-Bit Axe |
| 14:58 | Build | Farm |
| 15:33 | Research | Horse Collar |
| 15:42 | Build | House |
| 15:44 | Create | Villager (Male) |
| 15:44 | Create | Villager (Male) |
| 15:51 | Build | Farm |
| 16:04 | Build | House |
| 16:14 | Build | Farm |
| 16:28 | Build | House |
| 16:33 | Create | Villager (Male) |
| 17:04 | Build | Blacksmith |
| 17:08 | Create | Villager (Male) |
| 17:08 | Create | Villager (Male) |
| 17:51 | Build | Settlement |
| 18:00 | Research | Castle Age |
| 18:17 | Build | Archery Range |
| 18:24 | Research | Fletching |
| 18:59 | Research | Gold Mining |
| 19:18 | Build | Farm |
| 19:20 | Build | Farm |
| 19:24 | Research | Wheelbarrow |
| 19:58 | Create | Villager (Male) |
| 20:19 | Build | Farm |
| 20:29 | Build | Farm |
| 20:40 | Age | Castle Age |
| 20:41 | Create | Villager (Male) |
| 20:45 | Create | Bolas Rider |
| 20:45 | Create | Bolas Rider |
| 21:00 | Research | Bow Saw |
| 21:08 | Create | Bolas Rider |
| 21:40 | Create | Bolas Rider |
| 21:40 | Create | Bolas Rider |
| 21:42 | Create | Villager (Male) |
| 22:04 | Create | Bolas Rider |
| 22:04 | Create | Bolas Rider |
| 22:11 | Research | Bodkin Arrow |
| 22:12 | Create | Villager (Male) |
| 22:31 | Create | Villager (Male) |
| 22:37 | Build | Monastery |
| 22:47 | Create | Villager (Male) |
| 22:53 | Research | Heavy Plow |
| 22:56 | Create | Villager (Male) |
| 23:06 | Research | Padded Archer Armor |
| 23:17 | Create | Bolas Rider |
| 23:17 | Create | Bolas Rider |
| 23:18 | Create | Bolas Rider |
| 23:19 | Create | Villager (Male) |
| 23:23 | Create | Monk |
| 23:55 | Create | Villager (Male) |
| 24:12 | Create | Bolas Rider |
| 24:12 | Create | Bolas Rider |
| 24:13 | Create | Villager (Male) |
| 24:17 | Build | House |
| 25:14 | Create | Villager (Male) |
| 25:16 | Create | Bolas Rider |
| 25:16 | Create | Bolas Rider |
| 25:17 | Create | Bolas Rider |
| 25:17 | Create | Villager (Male) |
| 25:22 | Create | Villager (Male) |
| 25:24 | Build | Town Center |
| 25:27 | Create | Villager (Male) |
| 25:33 | Create | Bolas Rider |
| 25:33 | Create | Bolas Rider |
| 25:46 | Build | Archery Range |
| 25:50 | Create | Bolas Rider |
| 25:51 | Create | Bolas Rider |
| 26:04 | Create | Villager (Male) |
| 26:19 | Create | Villager (Male) |
| 26:28 | Create | Bolas Rider ×5 |
| 26:30 | Create | Villager (Male) ×5 |
| 26:55 | Build | Town Center |
| 27:06 | Create | Bolas Rider ×4 |
| 27:28 | Build | University |
| 27:39 | Create | Villager (Male) |
| 28:13 | Create | Villager (Male) |
| 28:13 | Create | Villager (Male) |
| 28:14 | Create | Villager (Male) |
| 28:17 | Create | Bolas Rider ×4 |
| 28:22 | Create | Villager (Male) |
| 28:52 | Create | Villager (Male) |
| 28:52 | Create | Villager (Male) |
| 29:13 | Create | Villager (Male) |
| 29:23 | Research | Ballistics |
| 29:23 | Research | Ballistics |
| 29:28 | Build | Archery Range |
| 29:29 | Create | Villager (Male) |
| 29:36 | Create | Villager (Male) |
| 29:48 | Research | Hand Cart |
| 29:48 | Research | Hand Cart |
| 29:51 | Create | Bolas Rider ×3 |
| 29:56 | Create | Villager (Male) |
| 29:56 | Create | Villager (Male) |
Build order — 黑炎柠檬茶
First 150 of 393 actions detected
| 0:02 | Build | Town Center |
| 0:20 | Build | House |
| 2:21 | Create | Villager (Male) |
| 2:21 | Create | Villager (Male) |
| 2:22 | Create | Villager (Male) |
| 2:22 | Create | Villager (Male) |
| 3:28 | Create | Villager (Male) |
| 3:43 | Build | House |
| 4:02 | Create | Villager (Male) |
| 4:25 | Create | Villager (Male) |
| 4:44 | Create | Villager (Male) |
| 4:56 | Create | Villager (Male) |
| 4:56 | Create | Villager (Male) |
| 5:07 | Build | Lumber Camp |
| 5:23 | Build | House |
| 5:38 | Create | Villager (Male) |
| 5:46 | Create | Villager (Male) |
| 6:06 | Create | Villager (Male) |
| 6:07 | Create | Villager (Male) |
| 6:14 | Create | Villager (Male) |
| 6:22 | Create | Villager (Male) |
| 6:34 | Create | Villager (Male) |
| 7:24 | Create | Villager (Male) |
| 7:28 | Build | House |
| 7:29 | Build | House |
| 7:45 | Create | Villager (Male) |
| 8:21 | Create | Villager (Male) |
| 8:39 | Create | Villager (Male) |
| 8:46 | Create | Villager (Male) |
| 8:50 | Create | Villager (Male) |
| 8:57 | Create | Villager (Male) |
| 9:44 | Build | Mill |
| 9:47 | Create | Villager (Male) |
| 10:26 | Build | Farm |
| 10:27 | Build | Farm |
| 10:30 | Build | Farm |
| 10:56 | Build | Farm |
| 10:59 | Build | Farm |
| 11:02 | Build | Farm |
| 11:06 | Create | Villager (Male) |
| 11:06 | Create | Villager (Male) |
| 11:34 | Build | Mill |
| 11:43 | Build | House |
| 11:44 | Build | House |
| 11:58 | Build | Farm |
| 12:02 | Build | Farm |
| 12:21 | Build | Farm |
| 12:38 | Build | House |
| 12:40 | Build | House |
| 12:44 | Create | Villager (Male) |
| 12:45 | Create | Villager (Male) |
| 12:47 | Research | Loom |
| 13:01 | Create | Villager (Male) |
| 13:01 | Create | Villager (Male) |
| 13:21 | Research | Feudal Age |
| 13:31 | Build | Farm |
| 13:35 | Build | House |
| 13:52 | Build | Mining Camp |
| 14:09 | Build | Palisade Wall |
| 14:11 | Build | Palisade Wall |
| 14:14 | Build | Palisade Wall |
| 14:15 | Build | Palisade Wall |
| 14:52 | Create | Villager (Male) |
| 14:52 | Create | Villager (Male) |
| 14:53 | Create | Villager (Male) |
| 16:24 | Age | Feudal Age |
| 16:31 | Build | Market |
| 16:35 | Build | Blacksmith |
| 17:06 | Research | Double-Bit Axe |
| 17:09 | Research | Horse Collar |
| 17:15 | Research | Castle Age |
| 17:16 | Research | Castle Age |
| 17:26 | Research | Gold Mining |
| 17:52 | Research | Wheelbarrow |
| 17:54 | Create | Villager (Male) |
| 18:14 | Build | Farm |
| 19:57 | Age | Castle Age |
| 19:59 | Build | Castle |
| 20:03 | Create | Villager (Male) |
| 20:09 | Create | Villager (Male) |
| 20:11 | Research | Bow Saw |
| 20:21 | Build | Town Center |
| 20:31 | Build | House |
| 20:42 | Build | Mining Camp |
| 20:49 | Build | Mill |
| 20:50 | Build | Farm |
| 20:50 | Build | Farm |
| 20:50 | Build | Farm |
| 20:51 | Build | Farm |
| 20:51 | Build | Farm |
| 20:52 | Create | Conquistador |
| 20:52 | Create | Conquistador |
| 20:56 | Research | Padded Archer Armor |
| 21:03 | Create | Villager (Male) |
| 21:08 | Create | Villager (Male) |
| 21:12 | Create | Conquistador |
| 21:13 | Create | Conquistador |
| 21:19 | Create | Villager (Male) |
| 21:19 | Create | Villager (Male) |
| 21:42 | Create | Conquistador |
| 21:44 | Create | Villager (Male) |
| 21:44 | Create | Villager (Male) |
| 22:00 | Create | Conquistador |
| 22:27 | Create | Conquistador |
| 22:31 | Create | Villager (Male) |
| 22:31 | Create | Villager (Male) |
| 22:35 | Create | Conquistador |
| 22:42 | Create | Villager (Male) |
| 22:45 | Build | Farm |
| 22:46 | Build | Farm |
| 22:46 | Build | Farm |
| 22:49 | Create | Villager (Male) |
| 22:56 | Build | Barracks |
| 22:59 | Create | Conquistador |
| 23:21 | Create | Conquistador |
| 23:21 | Create | Conquistador |
| 23:31 | Create | Villager (Male) |
| 23:31 | Create | Villager (Male) |
| 23:33 | Build | Farm |
| 23:36 | Build | Farm |
| 23:53 | Create | Villager (Male) |
| 23:54 | Create | Villager (Male) |
| 23:58 | Create | Villager (Male) |
| 24:00 | Build | Stable |
| 24:28 | Create | Villager (Male) |
| 24:29 | Create | Villager (Male) |
| 24:52 | Create | Villager (Male) |
| 24:52 | Create | Villager (Male) |
| 24:52 | Create | Villager (Male) |
| 24:52 | Create | Villager (Male) |
| 24:59 | Build | Monastery |
| 25:16 | Create | Villager (Male) |
| 25:16 | Create | Villager (Male) |
| 25:17 | Create | Villager (Male) |
| 25:31 | Build | Mill |
| 25:32 | Build | Farm |
| 25:32 | Build | Farm |
| 25:32 | Build | Farm |
| 25:32 | Build | Farm |
| 25:32 | Build | Farm |
| 25:33 | Build | Farm |
| 25:33 | Build | Farm |
| 25:33 | Build | Farm |
| 25:33 | Build | Farm |
| 25:34 | Build | Farm |
| 25:45 | Create | Conquistador |
| 26:03 | Create | Villager (Male) |
| 26:03 | Create | Villager (Male) |
| 26:03 | Create | Villager (Male) |
| 26:04 | Create | Conquistador |
Build order — Zionic
First 150 of 348 actions detected
| 0:41 | Build | Town Center |
| 2:16 | Build | House |
| 2:16 | Build | House |
| 2:29 | Create | Villager (Male) |
| 2:29 | Create | Villager (Male) |
| 2:30 | Build | House |
| 2:56 | Create | Villager (Male) |
| 2:56 | Create | Villager (Male) |
| 2:57 | Create | Villager (Male) |
| 3:32 | Create | Villager (Male) |
| 3:32 | Create | Villager (Male) |
| 4:13 | Create | Villager (Male) |
| 4:14 | Create | Villager (Male) |
| 5:00 | Build | Mill |
| 5:02 | Create | Villager (Male) |
| 5:17 | Build | House |
| 5:22 | Create | Villager (Male) |
| 5:41 | Create | Villager (Male) |
| 5:49 | Create | Villager (Male) |
| 5:49 | Create | Villager (Male) |
| 5:49 | Create | Villager (Male) |
| 6:11 | Create | Villager (Male) |
| 7:11 | Build | Lumber Camp |
| 7:29 | Create | Villager (Male) |
| 7:53 | Create | Villager (Male) |
| 8:20 | Research | Loom |
| 8:23 | Create | Villager (Male) |
| 8:23 | Create | Villager (Male) |
| 8:32 | Research | Feudal Age |
| 8:32 | Research | Feudal Age |
| 9:28 | Build | Barracks |
| 9:34 | Build | Barracks |
| 9:37 | Build | House |
| 10:10 | Create | Villager (Male) |
| 10:29 | Build | House |
| 10:57 | Age | Feudal Age |
| 11:03 | Build | Stable |
| 11:16 | Create | Villager (Male) |
| 11:26 | Research | Horse Collar |
| 11:32 | Build | Farm |
| 11:39 | Build | House |
| 11:42 | Create | Villager (Male) |
| 11:42 | Create | Scout Cavalry |
| 11:53 | Build | Farm |
| 11:55 | Create | Scout Cavalry |
| 12:04 | Build | Farm |
| 12:08 | Create | Villager (Male) |
| 12:21 | Build | Farm |
| 12:23 | Build | Farm |
| 12:30 | Create | Villager (Male) |
| 12:30 | Create | Scout Cavalry |
| 12:44 | Build | Farm |
| 12:48 | Build | Farm |
| 13:00 | Create | Scout Cavalry |
| 13:13 | Create | Scout Cavalry |
| 13:14 | Create | Villager (Male) |
| 13:14 | Create | Villager (Male) |
| 13:35 | Build | Farm |
| 13:35 | Build | Farm |
| 14:03 | Create | Villager (Male) |
| 14:08 | Build | Mill |
| 14:09 | Build | Farm |
| 14:11 | Create | Scout Cavalry |
| 14:20 | Build | House |
| 14:21 | Build | Palisade Wall |
| 14:28 | Create | Scout Cavalry |
| 14:30 | Create | Villager (Male) |
| 14:51 | Create | Villager (Male) |
| 14:58 | Build | Palisade Wall |
| 15:09 | Build | Farm |
| 15:09 | Build | Farm |
| 15:10 | Build | Farm |
| 15:13 | Create | Villager (Male) |
| 15:26 | Create | Scout Cavalry |
| 15:35 | Build | House |
| 15:39 | Create | Villager (Male) |
| 15:49 | Create | Scout Cavalry |
| 15:53 | Build | House |
| 15:54 | Build | House |
| 16:06 | Create | Villager (Male) |
| 16:19 | Research | Wheelbarrow |
| 16:19 | Research | Wheelbarrow |
| 16:30 | Research | Bloodlines |
| 16:30 | Research | Bloodlines |
| 16:30 | Research | Bloodlines |
| 16:49 | Build | House |
| 16:50 | Build | House |
| 17:09 | Create | Scout Cavalry |
| 17:25 | Build | Blacksmith |
| 17:39 | Create | Villager (Male) |
| 17:49 | Build | Farm |
| 17:54 | Create | Scout Cavalry |
| 18:12 | Research | Scale Barding Armor |
| 18:12 | Create | Villager (Male) |
| 18:16 | Build | House |
| 18:16 | Build | House |
| 18:23 | Create | Scout Cavalry |
| 18:35 | Build | Farm |
| 18:50 | Create | Villager (Male) |
| 19:00 | Build | Farm |
| 19:04 | Create | Scout Cavalry |
| 19:16 | Create | Scout Cavalry |
| 19:21 | Create | Villager (Male) |
| 19:22 | Create | Villager (Male) |
| 20:05 | Create | Villager (Male) |
| 20:35 | Create | Villager (Male) |
| 20:43 | Research | Castle Age |
| 20:43 | Research | Castle Age |
| 21:10 | Build | Archery Range |
| 21:22 | Create | Scout Cavalry |
| 21:22 | Create | Scout Cavalry |
| 21:26 | Research | Forging |
| 21:32 | Build | House |
| 21:44 | Create | Scout Cavalry |
| 22:11 | Create | Villager (Male) |
| 22:19 | Create | Skirmisher |
| 22:19 | Create | Skirmisher |
| 22:22 | Build | Archery Range |
| 22:27 | Research | Fletching |
| 22:28 | Research | Padded Archer Armor |
| 22:51 | Create | Skirmisher |
| 22:56 | Build | Market |
| 23:02 | Build | House |
| 23:23 | Create | Skirmisher |
| 23:23 | Create | Skirmisher |
| 23:41 | Age | Castle Age |
| 23:43 | Build | Town Center |
| 23:44 | Research | Light Cavalry (upgrade) |
| 23:44 | Research | Light Cavalry (upgrade) |
| 23:45 | Research | Elite Skirmisher (upgrade) |
| 23:51 | Research | Padded Archer Armor |
| 24:20 | Create | Villager (Male) |
| 24:25 | Create | Villager (Male) |
| 24:32 | Create | Skirmisher |
| 24:32 | Create | Skirmisher |
| 24:46 | Build | Palisade Gate |
| 24:54 | Build | Farm |
| 24:59 | Build | Town Center |
| 25:03 | Create | Skirmisher |
| 25:03 | Create | Skirmisher |
| 25:14 | Research | Bodkin Arrow |
| 25:14 | Research | Bodkin Arrow |
| 25:20 | Create | Villager (Male) |
| 25:20 | Create | Villager (Male) |
| 25:34 | Create | Skirmisher |
| 25:35 | Create | Skirmisher |
| 25:49 | Build | University |
| 26:01 | Build | Siege Workshop |
| 26:10 | Build | Farm |
| 26:10 | Build | Farm |
Build order — 黑暗中漫舞.
First 150 of 459 actions detected
| 0:35 | Build | Town Center |
| 1:01 | Build | House |
| 2:09 | Create | Villager (Male) |
| 2:10 | Create | Villager (Male) |
| 2:10 | Create | Villager (Male) |
| 2:10 | Create | Villager (Male) |
| 2:10 | Create | Villager (Male) |
| 2:11 | Create | Villager (Male) |
| 3:10 | Build | Settlement |
| 3:11 | Create | Villager (Male) |
| 3:11 | Create | Villager (Male) |
| 3:25 | Create | Villager (Male) |
| 3:25 | Create | Villager (Male) |
| 4:06 | Create | Villager (Male) |
| 4:06 | Create | Villager (Male) |
| 4:14 | Create | Villager (Male) |
| 4:40 | Create | Villager (Male) |
| 4:40 | Create | Villager (Male) |
| 4:41 | Create | Villager (Male) |
| 5:19 | Create | Villager (Male) |
| 5:19 | Create | Villager (Male) |
| 5:19 | Create | Villager (Male) |
| 5:51 | Create | Villager (Male) |
| 5:51 | Create | Villager (Male) |
| 6:44 | Create | Villager (Male) |
| 7:10 | Create | Villager (Male) |
| 7:39 | Research | Feudal Age |
| 7:40 | Research | Feudal Age |
| 7:40 | Research | Feudal Age |
| 7:47 | Build | Settlement |
| 9:00 | Build | Barracks |
| 9:04 | Research | Loom |
| 9:25 | Create | Villager (Male) |
| 9:49 | Age | Feudal Age |
| 10:00 | Build | Archery Range |
| 10:11 | Build | Watch Tower |
| 10:23 | Create | Spearman |
| 10:24 | Create | Spearman |
| 10:24 | Create | Spearman |
| 10:33 | Create | Villager (Male) |
| 10:46 | Build | Watch Tower |
| 10:49 | Build | Palisade Wall |
| 10:51 | Build | Palisade Wall |
| 10:52 | Build | Palisade Wall |
| 10:55 | Create | Archer |
| 10:57 | Build | House |
| 10:57 | Create | Villager (Male) |
| 11:07 | Research | Double-Bit Axe |
| 11:07 | Research | Double-Bit Axe |
| 11:12 | Create | Villager (Male) |
| 11:20 | Create | Villager (Male) |
| 11:24 | Create | Archer |
| 11:35 | Create | Archer |
| 11:41 | Create | Villager (Male) |
| 11:51 | Create | Archer |
| 11:55 | Create | Villager (Male) |
| 12:07 | Build | Palisade Wall |
| 12:07 | Build | Palisade Wall |
| 12:08 | Build | Palisade Wall |
| 12:09 | Build | Palisade Wall |
| 12:09 | Build | Palisade Wall |
| 12:10 | Build | Palisade Wall |
| 12:10 | Build | Palisade Wall |
| 12:14 | Create | Villager (Male) |
| 12:15 | Build | Blacksmith |
| 12:32 | Create | Archer |
| 12:38 | Build | Farm |
| 12:40 | Build | Farm |
| 12:49 | Create | Villager (Male) |
| 12:51 | Create | Archer |
| 13:07 | Create | Archer |
| 13:30 | Create | Villager (Male) |
| 13:32 | Build | Farm |
| 13:32 | Build | Farm |
| 13:33 | Build | Farm |
| 13:34 | Create | Archer |
| 13:51 | Build | Farm |
| 13:52 | Build | Farm |
| 13:55 | Build | Farm |
| 14:03 | Create | Villager (Male) |
| 14:13 | Build | Outpost |
| 14:20 | Build | Farm |
| 14:21 | Build | Farm |
| 14:34 | Build | Farm |
| 14:45 | Research | Town Watch |
| 14:45 | Research | Town Watch |
| 14:54 | Build | Farm |
| 14:59 | Build | Outpost |
| 15:10 | Create | Villager (Male) |
| 15:23 | Create | Villager (Male) |
| 15:41 | Research | Fletching |
| 15:41 | Research | Fletching |
| 15:42 | Create | Villager (Male) |
| 15:54 | Create | Villager (Male) |
| 15:58 | Create | Archer |
| 16:00 | Build | Farm |
| 16:12 | Create | Villager (Male) |
| 16:14 | Create | Archer |
| 16:22 | Create | Archer |
| 16:26 | Create | Villager (Male) |
| 16:36 | Create | Villager (Male) |
| 16:36 | Create | Villager (Male) |
| 16:59 | Create | Spearman |
| 17:05 | Build | Settlement |
| 17:09 | Create | Spearman |
| 17:13 | Create | Villager (Male) |
| 17:14 | Create | Archer |
| 17:23 | Create | Spearman |
| 17:33 | Create | Villager (Male) |
| 17:49 | Research | Scale Mail Armor |
| 17:56 | Build | Farm |
| 17:57 | Create | Villager (Male) |
| 18:11 | Create | Archer |
| 18:15 | Create | Villager (Male) |
| 18:30 | Create | Villager (Male) |
| 18:32 | Create | Spearman |
| 18:37 | Create | Villager (Male) |
| 18:58 | Create | Spearman |
| 19:12 | Create | Villager (Male) |
| 19:26 | Create | Villager (Male) |
| 19:29 | Create | Archer |
| 19:48 | Create | Villager (Male) |
| 20:06 | Create | Villager (Male) |
| 20:08 | Create | Villager (Male) |
| 20:17 | Create | Villager (Male) |
| 20:32 | Create | Villager (Male) |
| 20:33 | Create | Archer |
| 20:46 | Create | Villager (Male) |
| 20:54 | Build | Farm |
| 20:55 | Build | Farm |
| 20:59 | Research | Wheelbarrow |
| 21:00 | Research | Wheelbarrow |
| 21:00 | Research | Wheelbarrow |
| 21:01 | Create | Archer |
| 21:08 | Build | Outpost |
| 21:21 | Build | Settlement |
| 21:23 | Build | Farm |
| 21:23 | Build | Farm |
| 21:24 | Build | Farm |
| 21:24 | Build | Farm |
| 21:24 | Build | Farm |
| 21:32 | Create | Villager (Male) |
| 22:04 | Create | Villager (Male) |
| 22:19 | Research | Gold Mining |
| 22:20 | Research | Gold Mining |
| 22:40 | Create | Villager (Male) |
| 22:47 | Create | Archer |
| 23:02 | Build | Settlement |
| 23:36 | Create | Villager (Male) |
| 23:48 | Create | Villager (Male) |
Match timeline
| 1:01 | Kampie · wall_segment Palisade Wall x1 |
| 1:02 | Kampie · wall_segment Palisade Wall x1 |
| 1:04 | Kampie · wall_segment Palisade Wall x1 |
| 1:05 | Kampie · wall_segment Palisade Wall x1 |
| 1:07 | Kampie · wall_segment Palisade Wall x1 |
| 1:08 | Kampie · wall_segment Palisade Wall x1 |
| 1:47 | Kampie · wall_segment Palisade Wall x1 |
| 8:25 | Fireworks · wall_segment Palisade Wall x17 |
| 9:00 | 黑暗中漫舞. · first_building Barracks |
| 9:19 | 银背小猩猩 · first_building Barracks |
| 9:28 | Zionic · first_building Barracks |
| 9:34 | Kampie · first_building Barracks |
| 9:49 | Don_Digidon · first_building Barracks |
| 9:49 | 黑暗中漫舞. · age_up feudal |
| 10:00 | 黑暗中漫舞. · first_building Archery Range |
| 10:15 | Wuyen · wall_segment Palisade Wall x5 |
| 10:38 | 银背小猩猩 · age_up feudal |
| 10:39 | 银背小猩猩 · first_building Stable |
| 10:49 | 黑暗中漫舞. · wall_segment Palisade Wall x1 |
| 10:51 | 黑暗中漫舞. · wall_segment Palisade Wall x1 |
| 10:52 | 黑暗中漫舞. · wall_segment Palisade Wall x1 |
| 10:57 | Zionic · age_up feudal |
| 11:02 | Fireworks · wall_segment Palisade Wall x1 |
| 11:02 | Don_Digidon · age_up feudal |
| 11:03 | Zionic · first_building Stable |
| 12:07 | 黑暗中漫舞. · wall_segment Palisade Wall x1 |
| 12:07 | 黑暗中漫舞. · wall_segment Palisade Wall x1 |
| 12:08 | 银背小猩猩 · wall_segment Palisade Wall x9 |
| 12:08 | 黑暗中漫舞. · wall_segment Palisade Wall x1 |
| 12:09 | 黑暗中漫舞. · wall_segment Palisade Wall x1 |
| 12:09 | 黑暗中漫舞. · wall_segment Palisade Wall x1 |
| 12:10 | 黑暗中漫舞. · wall_segment Palisade Wall x1 |
| 12:10 | 黑暗中漫舞. · wall_segment Palisade Wall x1 |
| 12:14 | 银背小猩猩 · wall_segment Palisade Wall x1 |
| 12:17 | Fireworks · first_building Barracks |
| 12:17 | 银背小猩猩 · wall_segment Palisade Wall x16 |
| 12:39 | Kampie · age_up feudal |
| 12:42 | Kampie · first_building Archery Range |
| 12:45 | Fireworks · wall_segment Palisade Wall x1 |
| 12:47 | Fireworks · wall_segment Palisade Wall x1 |
| 12:47 | Wuyen · first_building Barracks |
| 12:49 | Fireworks · wall_segment Palisade Wall x1 |
| 12:55 | Fireworks · wall_segment Palisade Wall x1 |
| 12:57 | Fireworks · wall_segment Palisade Wall x1 |
| 12:57 | Wuyen · wall_segment Palisade Wall x11 |
| 12:58 | Fireworks · wall_segment Palisade Wall x1 |
| 13:24 | Don_Digidon · wall_segment Palisade Wall x5 |
| 13:37 | Wuyen · wall_segment Palisade Wall x7 |
| 14:09 | 黑炎柠檬茶 · wall_segment Palisade Wall x1 |
| 14:11 | 黑炎柠檬茶 · wall_segment Palisade Wall x1 |
| 14:11 | Don_Digidon · wall_segment Palisade Wall x3 |
| 14:14 | 黑炎柠檬茶 · wall_segment Palisade Wall x1 |
| 14:15 | 黑炎柠檬茶 · wall_segment Palisade Wall x1 |
| 14:21 | Zionic · wall_segment Palisade Wall x1 |
| 14:27 | Wuyen · age_up feudal |
| 14:30 | Wuyen · wall_segment Palisade Wall x1 |
| 14:30 | Wuyen · wall_segment Palisade Wall x1 |
| 14:34 | Fireworks · age_up feudal |
| 14:43 | Wuyen · first_building Archery Range |
| 14:58 | Zionic · wall_segment Palisade Wall x18 |
| 15:12 | Don_Digidon · first_market_buy 100 stone |
| 15:48 | 银背小猩猩 · tribute_sent a jugador 2 |
| 15:48 | 银背小猩猩 · tribute_sent a jugador 3 |
| 15:48 | 银背小猩猩 · tribute_sent a jugador 4 |
| 15:48 | 银背小猩猩 · tribute_sent a jugador 5 |
| 15:48 | 银背小猩猩 · tribute_sent a jugador 6 |
| 15:48 | 银背小猩猩 · tribute_sent a jugador 7 |
| 15:48 | 银背小猩猩 · tribute_sent a jugador 8 |
| 15:51 | Fireworks · first_building Archery Range |
| 16:24 | 黑炎柠檬茶 · age_up feudal |
| 17:22 | 银背小猩猩 · first_market_sell 100 wood |
| 17:25 | 银背小猩猩 · first_market_buy 100 stone |
| 17:32 | Fireworks · tribute_sent a jugador 1 |
| 17:32 | Fireworks · tribute_sent a jugador 2 |
| 17:32 | Fireworks · tribute_sent a jugador 4 |
| 17:32 | Fireworks · tribute_sent a jugador 5 |
| 17:32 | Fireworks · tribute_sent a jugador 6 |
| 17:32 | Fireworks · tribute_sent a jugador 7 |
| 17:32 | Fireworks · tribute_sent a jugador 8 |
| 17:32 | 银背小猩猩 · tribute_sent a jugador 2 |
| 17:32 | 银背小猩猩 · tribute_sent a jugador 3 |
| 17:32 | 银背小猩猩 · tribute_sent a jugador 4 |
| 17:32 | 银背小猩猩 · tribute_sent a jugador 5 |
| 17:32 | 银背小猩猩 · tribute_sent a jugador 6 |
| 17:32 | 银背小猩猩 · tribute_sent a jugador 7 |
| 17:32 | 银背小猩猩 · tribute_sent a jugador 8 |
| 18:07 | 黑炎柠檬茶 · first_market_sell 100 wood |
| 18:08 | 黑炎柠檬茶 · first_market_buy 100 stone |
| 19:06 | Fireworks · wall_segment Palisade Wall x1 |
| 19:25 | Fireworks · age_up castle |
| 19:54 | 黑炎柠檬茶 · tribute_sent a jugador 1 |
| 19:54 | 黑炎柠檬茶 · tribute_sent a jugador 2 |
| 19:54 | 黑炎柠檬茶 · tribute_sent a jugador 3 |
| 19:54 | 黑炎柠檬茶 · tribute_sent a jugador 4 |
| 19:54 | 黑炎柠檬茶 · tribute_sent a jugador 6 |
| 19:54 | 黑炎柠檬茶 · tribute_sent a jugador 7 |
| 19:54 | 黑炎柠檬茶 · tribute_sent a jugador 8 |
| 19:57 | 黑炎柠檬茶 · age_up castle |
| 19:57 | Fireworks · first_building Monastery |
| 19:59 | 黑炎柠檬茶 · first_building Castle |
| 20:40 | Wuyen · age_up castle |
| 20:41 | Don_Digidon · age_up castle |
| 20:47 | Don_Digidon · first_building Castle |
| 21:10 | Zionic · first_building Archery Range |
| 21:33 | Fireworks · wall_segment Palisade Wall x16 |
| 22:37 | Wuyen · first_building Monastery |
| 22:40 | Don_Digidon · first_building Monastery |
| 22:56 | 黑炎柠檬茶 · first_building Barracks |
| 23:00 | Fireworks · first_building Stable |
| 23:41 | Zionic · age_up castle |
| 24:00 | 黑炎柠檬茶 · first_building Stable |
| 24:59 | 黑炎柠檬茶 · first_building Monastery |
| 25:06 | Fireworks · first_building Siege Workshop |
| 26:01 | Zionic · first_building Siege Workshop |
| 26:09 | Fireworks · wall_segment Palisade Wall x1 |
| 26:15 | 银背小猩猩 · wall_segment Stone Wall x1 |
| 26:42 | 银背小猩猩 · age_up castle |
| 26:48 | 银背小猩猩 · tribute_sent a jugador 2 |
| 26:48 | 银背小猩猩 · tribute_sent a jugador 3 |
| 26:48 | 银背小猩猩 · tribute_sent a jugador 4 |
| 26:48 | 银背小猩猩 · tribute_sent a jugador 5 |
| 26:48 | 银背小猩猩 · tribute_sent a jugador 6 |
| 26:48 | 银背小猩猩 · tribute_sent a jugador 7 |
| 26:48 | 银背小猩猩 · tribute_sent a jugador 8 |
| 27:10 | 黑暗中漫舞. · age_up castle |
| 27:42 | 黑暗中漫舞. · first_market_buy 100 stone |
| 28:57 | 银背小猩猩 · first_building Siege Workshop |
| 29:23 | Kampie · age_up castle |
| 31:21 | 黑暗中漫舞. · first_building Monastery |
| 31:24 | Kampie · first_market_sell 100 food |
| 31:26 | Kampie · first_market_buy 100 stone |
| 31:36 | 黑暗中漫舞. · first_building Siege Workshop |
| 31:53 | 黑暗中漫舞. · first_market_sell 100 food |
| 32:03 | Don_Digidon · first_market_sell 100 wood |
| 32:17 | Wuyen · first_building Siege Workshop |
| 32:39 | Kampie · first_building Stable |
| 35:13 | Zionic · first_market_sell 100 wood |
| 35:28 | 黑暗中漫舞. · age_up imperial |
| 35:56 | Don_Digidon · age_up imperial |
| 37:07 | Zionic · first_building Monastery |
| 37:23 | Wuyen · first_market_buy 500 stone |
| 38:05 | Don_Digidon · first_building Siege Workshop |
| 38:25 | Wuyen · first_building Castle |
| 38:31 | Don_Digidon · tribute_sent a jugador 1 |
| 38:31 | Don_Digidon · tribute_sent a jugador 2 |
| 38:31 | Don_Digidon · tribute_sent a jugador 3 |
| 38:31 | Don_Digidon · tribute_sent a jugador 4 |
| 38:31 | Don_Digidon · tribute_sent a jugador 5 |
| 38:31 | Don_Digidon · tribute_sent a jugador 6 |
| 38:31 | Don_Digidon · tribute_sent a jugador 7 |
| 38:43 | Kampie · first_building Monastery |
| 38:49 | Zionic · age_up imperial |
| 38:51 | Zionic · first_market_buy 100 stone |
| 39:00 | Wuyen · age_up imperial |
| 39:22 | Fireworks · first_market_buy 100 stone |
| 41:01 | Fireworks · first_market_sell 100 food |
| 41:10 | 黑炎柠檬茶 · age_up imperial |
| 42:38 | Don_Digidon · tribute_sent a jugador 1 |
| 42:38 | Don_Digidon · tribute_sent a jugador 2 |
| 42:38 | Don_Digidon · tribute_sent a jugador 3 |
| 42:38 | Don_Digidon · tribute_sent a jugador 4 |
| 42:38 | Don_Digidon · tribute_sent a jugador 5 |
| 42:38 | Don_Digidon · tribute_sent a jugador 6 |
| 42:38 | Don_Digidon · tribute_sent a jugador 7 |
| 43:22 | 黑炎柠檬茶 · first_building Archery Range |
| 43:52 | Kampie · age_up imperial |
| 43:58 | Fireworks · resign |
[ AI ANALYSIS · 1 CREDIT ]
What really happened in this match?
Wolo.gg analyzes every decision: build order, eco, micro, common mistakes by bracket. Personalized analysis on WhatsApp or Discord in 30 seconds.
Civ guide
Wu
Perfil
Jugador #8970523